Pick #1

Connor Bedard
Pick #2

Leo Carlsson
Pick #3

Adam Fantilli
Pick #4

Matvei Michkov
Pick #5

David Reinbacher
Pick #6

William Smith
Pick #7

Zachary Benson
Pick #8

Ryan Leonard
Pick #9

Gabriel Perreault
Pick #10

Axel Sandin-Pellika
Pick #11

Daniil But
Pick #12

Dalibor Dvorsky
Pick #13

Quentin Musty
Pick #14

Brayden Yager
Pick #15

Dmitry Simashev
Pick #16

Colby Barlow
Pick #17

Andrew Cristall
Pick #18

Easton Cowan
Pick #19

Jacob Fowler
Pick #20

Oliver Moore
Pick #21

Oliver Bonk
Pick #22

Tom Willander
Pick #23

Calum Ritchie
Pick #24

Tanner Molendyk
Pick #25

Gavin Brindley
Pick #26

Nate Danielson
Pick #27

Pick #28

Pick #29

Pick #30

Pick #31

Pick #32

Pick #33

Pick #34

Pick #35

Pick #36

Pick #37

Pick #38

Pick #39

Pick #40

Pick #41

Pick #42

Pick #43

Pick #44

Pick #45

Pick #46

Pick #47

Pick #48

Pick #49

Pick #50

Pick #51

Pick #52

Pick #53

Pick #54

Pick #55

Pick #56

Pick #57

Pick #58

Pick #59

Pick #60

Pick #61

Pick #62

Pick #63

Pick #64

Pick #65

Pick #66

Pick #67

Pick #68

Pick #69

Pick #70

Pick #71

Pick #72

Pick #73

Pick #74

Pick #75

Pick #76

Pick #77

Pick #78

Pick #79

Pick #80

Pick #81

Pick #82

Pick #83

Pick #84

Pick #85

Pick #86

Pick #87

Pick #88

Pick #89

Pick #90

Pick #91

Pick #92

Pick #93

Pick #94

Pick #95

Pick #96

Pick #97

Pick #98

Pick #99

Pick #100

Pick #101

Pick #102

Pick #103

Pick #104

Pick #105

Pick #106

Pick #107

Pick #108

Pick #109

Pick #110

Pick #111

Pick #112

Pick #113

Pick #114

Pick #115

Pick #116

Pick #117

Pick #118

Pick #119

Pick #120

Pick #121

Pick #122

Pick #123

Pick #124

Pick #125

Pick #126

Pick #127

Pick #128

Pick #129

Pick #130

Full Scoreboard »»

Flames vs Stars

Created - December 16, 2023 at 22:09

Goals
1 2 3 OT1 T
Flames 1 1 1 0 3
Stars 1 2 0 1 4
Shots
1 2 3 OT1 T
Flames 14 13 10 0 37
Stars 7 11 11 2 31

GoalsPenalties
1st period
1. Flames , Steven Stamkos 13 (Alex Ovechkin 17, Josh Morrissey 19) at 4:30
2. Stars , Elias Lindholm 12 (Nazem Kadri 11, Vincent Trocheck 16) at 15:42
Timo Meier (DAL) for High sticking (Minor) at 0:23
Gustav Forsling (DAL) for Holding (Minor) at 8:53
Erik Gudbranson (CGY) for Hooking (Minor) at 19:14
2nd period
3. Flames , Sam Gagner 2 (Lawson Crouse 18, Adam Larsson 21) at 2:32
4. Stars , Anton Lundell 6 (Viktor Arvidsson 10, Rickard Rakell 4) at 8:45
5. Stars , Elias Lindholm 13 (Evan Bouchard 23, Nazem Kadri 12) at 19:30
Lawson Crouse (CGY) for High sticking (Minor) at 13:17
3rd period
6. Flames , Alex Ovechkin 15 (Jared Spurgeon 20, John Tavares 16) at 8:03
Alex DeBrincat (CGY) for Hooking (Minor) at 19:54
Overtime #1
7. Stars , Timo Meier 17 (Evan Bouchard 24, Nazem Kadri 13) at 2:54
No Penalty
Goalie Stats
Antti Raanta (CGY), 27 saves from 31 shots - (0.871), OTL, 3-2-3, 62:55 minutes
Thatcher Demko (DAL), 34 saves from 37 shots - (0.919), W, 7-7-3, 62:55 minutes
3 StarsOfficial
1 - Nazem Kadri (DAL)
2 - Elias Lindholm (DAL)
3 - Alex Ovechkin (CGY)
Referees : Dean Morton and Chris Rooney
Linesman : Michel Cormier and Greg Devorski
Game Note
Sidney Crosby is injured at 3:10 of 2nd period (Strained Left Elbow)
Vincent Trocheck is injured at 3:25 of 2nd period (Bruised Left Shoulder)
Finance
Level 1 -- Attendance: 3722 (62.03%) -- Ticket Income $651,350
Level 2 -- Attendance: 2758 (55.16%) -- Ticket Income $344,750
Level 3 -- Attendance: 1608 (80.40%) -- Ticket Income $191,352
Level 4 -- Attendance: 2604 (57.46%) -- Ticket Income $101,556
Luxury Box -- Attendance: 600 (60.00%) -- Ticket Income $180,000
Game was played at the American Airlines Center.
Total Attendance: 11292 (60.93%)
Total Ticket Income: $1,469,008
Other Income: $367,252
Total Income: $1,836,260



Team Name Goals Shots Shots Attemp Shots Blocked PIM HIT PP PK FO%
Flames 3376296200 / 2 (0%)057%
Stars 4315634240 / 3 (0%)043%

Flames
Player Name POS G A P +/- PIM HIT SHT SB MP PP MP PP SHT PK MP PK SHT FO% FOT
Adam LarssonD0110012020:521:4313:0300% 0
Alex DeBrincatRW0000212017:572:1500:00033% 3
Alex OvechkinLW1122047019:451:4300:2700% 2
Calvin de HaanD000000001:080:0001:0800% 0
Erik GudbransonD000-2240115:020:0001:4600% 0
Esa LindellD0000002020:541:4313:0500% 0
Jakub VranaLW000000000:000:0000:0000% 0
Jared SpurgeonD0111010126:162:1500:5600% 0
John TavaresC0112012021:491:4302:31058% 26
Jordan EberleRW000-2002018:410:0000:0000% 1
Jordan KyrouC0000012021:132:1500:2800% 0
Josh MorrisseyD0112054025:232:1520:0000% 0
Lawson CrouseLW011-2223116:300:0000:37050% 2
Ryan LindgrenD000-2000515:130:0001:5600% 0
Sam GagnerC101-2002118:240:0002:30056% 18
Sean KuralyC000000003:270:0003:27029% 7
Sebastian AhoC000-1003021:141:4300:00069% 29
Steven StamkosC1011006020:512:1510:00071% 7
Stars
Player Name POS G A P +/- PIM HIT SHT SB MP PP MP PP SHT PK MP PK SHT FO% FOT
Anton LundellC101-1014019:252:5502:24039% 28
Carter VerhaegheC0000003023:191:1800:00080% 5
Elias LindholmC2022007014:431:0500:00056% 18
Evan BouchardD0222011027:001:1311:2400% 0
Gustav ForslingD0001231026:171:1301:1100% 0
Henri JokiharjuD000-2020119:220:0002:3800% 0
Marcus PetterssonD0001010013:150:0000:0000% 0
Nazem KadriC0333022023:301:1300:00043% 14
Nick JensenD0001031117:572:5011:2000% 0
Phil KesselRW0000001013:110:4400:00067% 3
Rickard RakellRW011-1011013:170:0000:0000% 0
Sean DurziD000-2031120:572:5001:2300% 0
Seth JarvisC0000011012:210:0000:00023% 13
Sidney CrosbyC000-100008:431:3501:34050% 10
Tanner PearsonLW0000010015:111:2001:4900% 1
Timo MeierRW1010242015:510:2400:0000% 1
Viktor ArvidssonRW011-1016013:170:0000:0000% 1
Vincent TrocheckC011100009:031:3502:0900% 1



Play-by-Play

1st period


0:01 of 1st period - Elias Lindholm wins face-off versus John Tavares in neutral zone.
0:15 of 1st period - Icing by Steven Stamkos.
0:16 of 1st period - John Tavares wins face-off versus Sidney Crosby in Flames zone.
0:16 of 1st period - John Tavares is hit by Timo Meier.
0:23 of 1st period - Minor Penalty to Timo Meier for High sticking.
0:24 of 1st period - Steven Stamkos wins face-off versus Anton Lundell in Stars zone.
0:41 of 1st period - Shot by Josh Morrissey.
0:41 of 1st period - Stopped by Thatcher Demko without a rebound.
0:42 of 1st period - Sidney Crosby wins face-off versus John Tavares in Stars zone.
0:53 of 1st period - Shot by Esa Lindell.
0:53 of 1st period - Stopped by Thatcher Demko without a rebound.
0:54 of 1st period - Steven Stamkos wins face-off versus Anton Lundell in Stars zone.
2:47 of 1st period - Shot by Lawson Crouse.
2:47 of 1st period - Stopped by Thatcher Demko without a rebound.
2:48 of 1st period - Sebastian Aho wins face-off versus Seth Jarvis in Stars zone.
3:17 of 1st period - Shot by Sebastian Aho.
3:17 of 1st period - Stopped by Thatcher Demko without a rebound.
3:18 of 1st period - John Tavares wins face-off versus Elias Lindholm in Stars zone.
3:27 of 1st period - Shot by Steven Stamkos.
3:27 of 1st period - Stopped by Thatcher Demko without a rebound.
3:28 of 1st period - Anton Lundell wins face-off versus Sam Gagner in Stars zone.
4:03 of 1st period - Lawson Crouse is hit by Anton Lundell and loses puck.
4:11 of 1st period - Jordan Eberle is hit by Henri Jokiharju and loses puck.
4:30 of 1st period - Shot by Steven Stamkos.
4:30 of 1st period - Goal by Steven Stamkos - Flames : 1 - Stars : 0.
4:31 of 1st period - Alex DeBrincat wins face-off versus Vincent Trocheck in neutral zone.
4:58 of 1st period - Icing by Erik Gudbranson.
4:59 of 1st period - Sidney Crosby wins face-off versus Alex DeBrincat in Flames zone.
5:34 of 1st period - Icing by Marcus Pettersson.
5:35 of 1st period - Sidney Crosby wins face-off versus John Tavares in Stars zone.
5:59 of 1st period - Shot by John Tavares.
5:59 of 1st period - Shot Misses the Net.
6:01 of 1st period - Shot by Steven Stamkos.
6:01 of 1st period - Stopped by Thatcher Demko without a rebound.
6:02 of 1st period - Sam Gagner wins face-off versus Elias Lindholm in Stars zone.
6:25 of 1st period - Shot by Nazem Kadri.
6:25 of 1st period - Deflect By Elias Lindholm.
6:25 of 1st period - Stopped by Antti Raanta without a rebound.
6:26 of 1st period - John Tavares wins face-off versus Tanner Pearson in Flames zone.
6:28 of 1st period - Icing by Josh Morrissey.
6:29 of 1st period - Seth Jarvis wins face-off versus John Tavares in Flames zone.
7:17 of 1st period - Off-side.
7:18 of 1st period - Elias Lindholm wins face-off versus Sebastian Aho in neutral zone.
7:21 of 1st period - Shot by Gustav Forsling.
7:21 of 1st period - Stopped by Antti Raanta without a rebound.
7:22 of 1st period - Sebastian Aho wins face-off versus Elias Lindholm in Flames zone.
7:30 of 1st period - Icing by Gustav Forsling.
7:31 of 1st period - Sebastian Aho wins face-off versus Elias Lindholm in Stars zone.
7:40 of 1st period - Shot by Jordan Kyrou.
7:40 of 1st period - Stopped by Thatcher Demko with a rebound.
8:09 of 1st period - Jordan Kyrou is hit by Gustav Forsling and loses puck.
8:51 of 1st period - Steven Stamkos is hit by Gustav Forsling and loses puck.
8:53 of 1st period - Minor Penalty to Gustav Forsling for Holding.
8:54 of 1st period - Steven Stamkos wins face-off versus Sidney Crosby in Stars zone.
8:55 of 1st period - Shot by Josh Morrissey.
8:55 of 1st period - Shot Blocked by Sean Durzi.
9:06 of 1st period - Icing by Jordan Kyrou.
9:07 of 1st period - Anton Lundell wins face-off versus Steven Stamkos in Flames zone.
9:07 of 1st period - Anton Lundell is hit by Josh Morrissey.
9:18 of 1st period - Shot by Steven Stamkos.
9:18 of 1st period - Stopped by Thatcher Demko without a rebound.
9:19 of 1st period - Sebastian Aho wins face-off versus Anton Lundell in Stars zone.
9:20 of 1st period - Shot by Adam Larsson.
9:20 of 1st period - Stopped by Thatcher Demko without a rebound.
9:21 of 1st period - Sebastian Aho wins face-off versus Anton Lundell in Stars zone.
10:21 of 1st period - Jared Spurgeon is hit by Evan Bouchard.
10:39 of 1st period - Shot by Josh Morrissey.
10:39 of 1st period - Stopped by Thatcher Demko with a rebound.
11:05 of 1st period - Shot by Sidney Crosby.
11:05 of 1st period - Deflect By Carter Verhaeghe.
11:05 of 1st period - Shot Misses the Net.
11:25 of 1st period - Shot by Timo Meier.
11:25 of 1st period - Shot Blocked by Lawson Crouse.
11:37 of 1st period - Icing by Evan Bouchard.
11:38 of 1st period - Anton Lundell wins face-off versus John Tavares in Stars zone.
11:57 of 1st period - Shot by Viktor Arvidsson.
11:57 of 1st period - Shot Misses the Net.
12:11 of 1st period - Shot by Viktor Arvidsson.
12:11 of 1st period - Stopped by Antti Raanta without a rebound.
12:12 of 1st period - Seth Jarvis wins face-off versus Sebastian Aho in Flames zone.
12:25 of 1st period - Tanner Pearson is hit by Jordan Kyrou and loses puck.
12:52 of 1st period - Tanner Pearson is hit by Alex DeBrincat and loses puck.
13:30 of 1st period - Sam Gagner is hit by Nick Jensen and loses puck.
13:48 of 1st period - Vincent Trocheck is hit by Erik Gudbranson and loses puck.
14:23 of 1st period - Gustav Forsling is hit by Alex Ovechkin and loses puck.
14:28 of 1st period - Shot by Alex Ovechkin.
14:28 of 1st period - Stopped by Thatcher Demko with a rebound.
14:30 of 1st period - Shot by Esa Lindell.
14:30 of 1st period - Shot Hit the Post.
14:44 of 1st period - Shot by John Tavares.
14:44 of 1st period - Shot Misses the Net.
14:46 of 1st period - Shot by Adam Larsson.
14:46 of 1st period - Stopped by Thatcher Demko with a rebound.
15:05 of 1st period - Josh Morrissey is hit by Sean Durzi and loses puck.
15:22 of 1st period - Shot by Viktor Arvidsson.
15:22 of 1st period - Shot Misses the Net.
15:24 of 1st period - Shot by Anton Lundell.
15:24 of 1st period - Stopped by Antti Raanta without a rebound.
15:25 of 1st period - Nazem Kadri wins face-off versus Sam Gagner in Flames zone.
15:25 of 1st period - Elias Lindholm is hit by Erik Gudbranson and loses puck.
15:33 of 1st period - Vincent Trocheck is hit by Erik Gudbranson and loses puck.
15:38 of 1st period - Shot by Nazem Kadri.
15:38 of 1st period - Shot Misses the Net.
15:40 of 1st period - Shot by Elias Lindholm.
15:40 of 1st period - Stopped by Antti Raanta with a rebound.
15:42 of 1st period - Shot by Elias Lindholm.
15:42 of 1st period - Goal by Elias Lindholm - Flames : 1 - Stars : 1.
15:43 of 1st period - John Tavares wins face-off versus Anton Lundell in neutral zone.
15:43 of 1st period - John Tavares is hit by Viktor Arvidsson.
15:49 of 1st period - Shot by John Tavares.
15:49 of 1st period - Shot Misses the Net.
16:18 of 1st period - Shot by Rickard Rakell.
16:18 of 1st period - Shot Misses the Net.
16:20 of 1st period - Shot by Sean Durzi.
16:20 of 1st period - Stopped by Antti Raanta without a rebound.
16:21 of 1st period - Sidney Crosby wins face-off versus Sebastian Aho in Flames zone.
16:50 of 1st period - Icing by Gustav Forsling.
16:51 of 1st period - Sam Gagner wins face-off versus Timo Meier in Stars zone.
17:18 of 1st period - Shot by Jordan Eberle.
17:18 of 1st period - Shot Misses the Net.
17:22 of 1st period - Shot by Lawson Crouse.
17:22 of 1st period - Stopped by Thatcher Demko without a rebound.
17:23 of 1st period - Elias Lindholm wins face-off versus Sebastian Aho in Stars zone.
18:32 of 1st period - Icing by John Tavares.
18:33 of 1st period - John Tavares wins face-off versus Sidney Crosby in Flames zone.
18:59 of 1st period - Off-side.
19:00 of 1st period - Lawson Crouse wins face-off versus Viktor Arvidsson in neutral zone.
19:11 of 1st period - Shot by Rickard Rakell.
19:11 of 1st period - Shot Blocked by Erik Gudbranson.
19:13 of 1st period - Shot by Viktor Arvidsson.
19:13 of 1st period - Shot Blocked by Sam Gagner.
19:14 of 1st period - Minor Penalty to Erik Gudbranson for Hooking.
19:15 of 1st period - Sidney Crosby wins face-off versus Sean Kuraly in Flames zone.
Goals for this period are 1 for Flames vs 1 for Stars.
Shots for this period are 14 for Flames vs 7 for Stars.

2nd period


0:01 of 2nd period - Sean Kuraly wins face-off versus Sidney Crosby in neutral zone.
0:16 of 2nd period - Shot by Sidney Crosby.
0:16 of 2nd period - Shot Misses the Net.
1:07 of 2nd period - Shot by Evan Bouchard.
1:07 of 2nd period - Stopped by Antti Raanta without a rebound.
1:08 of 2nd period - Carter Verhaeghe wins face-off versus Sean Kuraly in Flames zone.
1:49 of 2nd period - Shot by Jordan Kyrou.
1:49 of 2nd period - Shot Misses the Net.
2:32 of 2nd period - Shot by Sam Gagner.
2:32 of 2nd period - Goal by Sam Gagner - Flames : 2 - Stars : 1.
2:33 of 2nd period - Elias Lindholm wins face-off versus John Tavares in neutral zone.
2:42 of 2nd period - Icing by Erik Gudbranson.
2:43 of 2nd period - John Tavares wins face-off versus Sidney Crosby in Flames zone.
2:43 of 2nd period - John Tavares is hit by Timo Meier.
3:09 of 2nd period - Sidney Crosby is hit by Alex Ovechkin.
3:10 of 2nd period - Sidney Crosby from Stars is injured at 3:10 of 2nd period (Strained Left Elbow).
3:11 of 2nd period - Sam Gagner wins face-off versus Elias Lindholm in Stars zone.
3:11 of 2nd period - Jared Spurgeon is hit by Nick Jensen and loses puck.
3:24 of 2nd period - Vincent Trocheck is hit by Josh Morrissey and loses puck.
3:25 of 2nd period - Vincent Trocheck from Stars is injured at 3:25 of 2nd period (Bruised Left Shoulder).
3:26 of 2nd period - Sebastian Aho wins face-off versus Anton Lundell in Flames zone.
3:26 of 2nd period - Sebastian Aho is hit by Rickard Rakell.
3:58 of 2nd period - Shot by Gustav Forsling.
3:58 of 2nd period - Shot Misses the Net.
4:27 of 2nd period - Icing by Adam Larsson.
4:28 of 2nd period - Sebastian Aho wins face-off versus Nazem Kadri in Flames zone.
4:28 of 2nd period - Sebastian Aho is hit by Timo Meier.
4:41 of 2nd period - Off-side.
4:42 of 2nd period - John Tavares wins face-off versus Seth Jarvis in neutral zone.
5:10 of 2nd period - Icing by Josh Morrissey.
5:11 of 2nd period - Carter Verhaeghe wins face-off versus Alex Ovechkin in Flames zone.
5:11 of 2nd period - Elias Lindholm is hit by Josh Morrissey and loses puck.
5:18 of 2nd period - Carter Verhaeghe is hit by Alex Ovechkin and loses puck.
5:32 of 2nd period - Icing by Gustav Forsling.
5:33 of 2nd period - Carter Verhaeghe wins face-off versus Sam Gagner in Stars zone.
5:56 of 2nd period - Shot by Lawson Crouse.
5:56 of 2nd period - Shot Misses the Net.
6:34 of 2nd period - Icing by Adam Larsson.
6:35 of 2nd period - Sebastian Aho wins face-off versus Seth Jarvis in Flames zone.
6:37 of 2nd period - Adam Larsson is hit by Tanner Pearson and loses puck.
6:41 of 2nd period - Off-side.
6:42 of 2nd period - John Tavares wins face-off versus Seth Jarvis in neutral zone.
6:44 of 2nd period - Steven Stamkos is hit by Marcus Pettersson.
6:50 of 2nd period - Shot by Alex Ovechkin.
6:50 of 2nd period - Shot Misses the Net.
7:02 of 2nd period - Shot by Alex Ovechkin.
7:02 of 2nd period - Shot Misses the Net.
7:04 of 2nd period - Shot by Steven Stamkos.
7:04 of 2nd period - Shot Blocked by Nick Jensen.
7:06 of 2nd period - Shot by Alex Ovechkin.
7:06 of 2nd period - Stopped by Thatcher Demko with a rebound.
8:07 of 2nd period - Shot by Lawson Crouse.
8:07 of 2nd period - Stopped by Thatcher Demko without a rebound.
8:08 of 2nd period - Anton Lundell wins face-off versus Sam Gagner in Stars zone.
8:08 of 2nd period - Anton Lundell is hit by Lawson Crouse.
8:20 of 2nd period - Shot by Erik Gudbranson.
8:20 of 2nd period - Shot Misses the Net.
8:22 of 2nd period - Shot by Sam Gagner.
8:22 of 2nd period - Stopped by Thatcher Demko without a rebound.
8:23 of 2nd period - Elias Lindholm wins face-off versus Sebastian Aho in Stars zone.
8:33 of 2nd period - Shot by Carter Verhaeghe.
8:33 of 2nd period - Stopped by Antti Raanta with a rebound.
8:35 of 2nd period - Shot by Elias Lindholm.
8:35 of 2nd period - Deflect By Nazem Kadri.
8:35 of 2nd period - Shot Misses the Net.
8:37 of 2nd period - Shot by Elias Lindholm.
8:37 of 2nd period - Deflect By Carter Verhaeghe.
8:37 of 2nd period - Stopped by Antti Raanta without a rebound.
8:38 of 2nd period - Anton Lundell wins face-off versus Sam Gagner in Flames zone.
8:43 of 2nd period - Shot by Viktor Arvidsson.
8:43 of 2nd period - Stopped by Antti Raanta with a rebound.
8:45 of 2nd period - Shot by Anton Lundell.
8:45 of 2nd period - Goal by Anton Lundell - Flames : 2 - Stars : 2.
8:46 of 2nd period - Sam Gagner wins face-off versus Nazem Kadri in neutral zone.
8:57 of 2nd period - Shot by Jordan Eberle.
8:57 of 2nd period - Stopped by Thatcher Demko without a rebound.
8:58 of 2nd period - Sebastian Aho wins face-off versus Elias Lindholm in Stars zone.
9:40 of 2nd period - Sebastian Aho is hit by Sean Durzi and loses puck.
11:08 of 2nd period - Shot by Seth Jarvis.
11:08 of 2nd period - Deflect By Phil Kessel.
11:08 of 2nd period - Shot Blocked by Ryan Lindgren.
11:18 of 2nd period - Shot by Tanner Pearson.
11:18 of 2nd period - Shot Blocked by Ryan Lindgren.
11:20 of 2nd period - Shot by Phil Kessel.
11:20 of 2nd period - Stopped by Antti Raanta without a rebound.
11:21 of 2nd period - Nazem Kadri wins face-off versus John Tavares in Flames zone.
11:22 of 2nd period - Shot by Timo Meier.
11:22 of 2nd period - Shot Misses the Net.
11:27 of 2nd period - John Tavares is hit by Timo Meier and loses puck.
11:36 of 2nd period - Shot by Alex Ovechkin.
11:36 of 2nd period - Stopped by Thatcher Demko with a rebound.
11:38 of 2nd period - Shot by Alex Ovechkin.
11:38 of 2nd period - Stopped by Thatcher Demko without a rebound.
11:39 of 2nd period - John Tavares wins face-off versus Seth Jarvis in Stars zone.
11:52 of 2nd period - Shot by Steven Stamkos.
11:52 of 2nd period - Stopped by Thatcher Demko without a rebound.
11:53 of 2nd period - Sebastian Aho wins face-off versus Anton Lundell in Stars zone.
11:53 of 2nd period - Sebastian Aho is hit by Gustav Forsling.
11:55 of 2nd period - Shot by Alex DeBrincat.
11:55 of 2nd period - Stopped by Thatcher Demko without a rebound.
11:56 of 2nd period - Nazem Kadri wins face-off versus Sebastian Aho in Stars zone.
12:11 of 2nd period - Shot by Sebastian Aho.
12:11 of 2nd period - Shot Misses the Net.
12:53 of 2nd period - Esa Lindell is hit by Nazem Kadri and loses puck.
13:08 of 2nd period - Shot by John Tavares.
13:08 of 2nd period - Stopped by Thatcher Demko without a rebound.
13:09 of 2nd period - Anton Lundell wins face-off versus Sam Gagner in Stars zone.
13:09 of 2nd period - Anton Lundell is hit by Lawson Crouse.
13:17 of 2nd period - Minor Penalty to Lawson Crouse for High sticking.
13:18 of 2nd period - Anton Lundell wins face-off versus Sean Kuraly in Flames zone.
13:36 of 2nd period - Shot by Sean Durzi.
13:36 of 2nd period - Shot Misses the Net.
13:38 of 2nd period - Shot by Nick Jensen.
13:38 of 2nd period - Stopped by Antti Raanta without a rebound.
13:39 of 2nd period - Carter Verhaeghe wins face-off versus Sean Kuraly in Flames zone.
13:59 of 2nd period - Shot by Tanner Pearson.
13:59 of 2nd period - Shot Misses the Net.
15:46 of 2nd period - Shot by Rickard Rakell.
15:46 of 2nd period - Shot Blocked by Jared Spurgeon.
17:47 of 2nd period - Icing by Viktor Arvidsson.
17:48 of 2nd period - Sebastian Aho wins face-off versus Anton Lundell in Stars zone.
17:53 of 2nd period - Shot by Alex DeBrincat.
17:53 of 2nd period - Stopped by Thatcher Demko without a rebound.
17:54 of 2nd period - Sebastian Aho wins face-off versus Elias Lindholm in Stars zone.
18:07 of 2nd period - Shot by Sebastian Aho.
18:07 of 2nd period - Shot Misses the Net.
18:34 of 2nd period - Shot by Elias Lindholm.
18:34 of 2nd period - Stopped by Antti Raanta without a rebound.
18:35 of 2nd period - John Tavares wins face-off versus Anton Lundell in Flames zone.
18:47 of 2nd period - Shot by Alex Ovechkin.
18:47 of 2nd period - Stopped by Thatcher Demko with a rebound.
19:06 of 2nd period - Shot by Alex Ovechkin.
19:06 of 2nd period - Shot Blocked by Henri Jokiharju.
19:08 of 2nd period - Shot by John Tavares.
19:08 of 2nd period - Deflect By Steven Stamkos.
19:08 of 2nd period - Shot Misses the Net.
19:10 of 2nd period - Shot by Alex Ovechkin.
19:10 of 2nd period - Deflect By Steven Stamkos.
19:10 of 2nd period - Stopped by Thatcher Demko without a rebound.
19:11 of 2nd period - Elias Lindholm wins face-off versus Sam Gagner in Stars zone.
19:30 of 2nd period - Shot by Elias Lindholm.
19:30 of 2nd period - Goal by Elias Lindholm - Flames : 2 - Stars : 3.
19:31 of 2nd period - Sebastian Aho wins face-off versus Seth Jarvis in neutral zone.
19:44 of 2nd period - Shot by Seth Jarvis.
19:44 of 2nd period - Stopped by Antti Raanta without a rebound.
19:45 of 2nd period - Elias Lindholm wins face-off versus John Tavares in Flames zone.
19:50 of 2nd period - Shot by Elias Lindholm.
19:50 of 2nd period - Stopped by Antti Raanta with a rebound.
Goals for this period are 1 for Flames vs 2 for Stars.
Shots for this period are 13 for Flames vs 11 for Stars.

3rd period


0:01 of 3rd period - John Tavares wins face-off versus Nazem Kadri in neutral zone.
0:11 of 3rd period - Shot by Nazem Kadri.
0:11 of 3rd period - Shot Misses the Net.
1:01 of 3rd period - Icing by Henri Jokiharju.
1:02 of 3rd period - Sam Gagner wins face-off versus Anton Lundell in Stars zone.
1:23 of 3rd period - Shot by Lawson Crouse.
1:23 of 3rd period - Shot Misses the Net.
1:31 of 3rd period - Shot by Jordan Eberle.
1:31 of 3rd period - Shot Misses the Net.
1:38 of 3rd period - Icing by Anton Lundell.
1:39 of 3rd period - Sebastian Aho wins face-off versus Anton Lundell in Stars zone.
1:39 of 3rd period - Jordan Kyrou is hit by Sean Durzi and loses puck.
2:08 of 3rd period - Ryan Lindgren is hit by Nazem Kadri and loses puck.
2:53 of 3rd period - Icing by Jared Spurgeon.
2:54 of 3rd period - Phil Kessel wins face-off versus John Tavares in Flames zone.
3:34 of 3rd period - Shot by Phil Kessel.
3:34 of 3rd period - Shot Misses the Net.
3:45 of 3rd period - Icing by Alex Ovechkin.
3:46 of 3rd period - Anton Lundell wins face-off versus John Tavares in Flames zone.
3:47 of 3rd period - Shot by Viktor Arvidsson.
3:47 of 3rd period - Stopped by Antti Raanta with a rebound.
3:49 of 3rd period - Shot by Viktor Arvidsson.
3:49 of 3rd period - Stopped by Antti Raanta without a rebound.
3:50 of 3rd period - Sam Gagner wins face-off versus Carter Verhaeghe in Flames zone.
4:11 of 3rd period - Shot by Timo Meier.
4:11 of 3rd period - Stopped by Antti Raanta with a rebound.
4:47 of 3rd period - Icing by Evan Bouchard.
4:48 of 3rd period - Sebastian Aho wins face-off versus Nazem Kadri in Stars zone.
5:43 of 3rd period - Gustav Forsling is hit by John Tavares and loses puck.
5:56 of 3rd period - Shot by Alex Ovechkin.
5:56 of 3rd period - Shot Misses the Net.
5:58 of 3rd period - Shot by Alex Ovechkin.
5:58 of 3rd period - Shot Misses the Net.
6:53 of 3rd period - Shot by Viktor Arvidsson.
6:53 of 3rd period - Stopped by Antti Raanta without a rebound.
6:54 of 3rd period - Phil Kessel wins face-off versus Sebastian Aho in Flames zone.
7:17 of 3rd period - Shot by Jordan Kyrou.
7:17 of 3rd period - Stopped by Thatcher Demko without a rebound.
7:18 of 3rd period - Anton Lundell wins face-off versus Lawson Crouse in Stars zone.
7:22 of 3rd period - Henri Jokiharju is hit by Adam Larsson and loses puck.
7:58 of 3rd period - Icing by Anton Lundell.
7:59 of 3rd period - John Tavares wins face-off versus Anton Lundell in Stars zone.
7:59 of 3rd period - John Tavares is hit by Henri Jokiharju.
8:03 of 3rd period - Shot by Alex Ovechkin.
8:03 of 3rd period - Goal by Alex Ovechkin - Flames : 3 - Stars : 3.
8:04 of 3rd period - Seth Jarvis wins face-off versus Steven Stamkos in neutral zone.
8:30 of 3rd period - Shot by John Tavares.
8:30 of 3rd period - Stopped by Thatcher Demko without a rebound.
8:31 of 3rd period - Sebastian Aho wins face-off versus Anton Lundell in Stars zone.
8:36 of 3rd period - Shot by Sebastian Aho.
8:36 of 3rd period - Stopped by Thatcher Demko without a rebound.
8:37 of 3rd period - Sam Gagner wins face-off versus Anton Lundell in Stars zone.
9:12 of 3rd period - Shot by Viktor Arvidsson.
9:12 of 3rd period - Stopped by Antti Raanta without a rebound.
9:13 of 3rd period - John Tavares wins face-off versus Phil Kessel in Flames zone.
9:31 of 3rd period - Shot by Steven Stamkos.
9:31 of 3rd period - Shot Misses the Net.
9:33 of 3rd period - Shot by Alex Ovechkin.
9:33 of 3rd period - Shot Misses the Net.
9:48 of 3rd period - Icing by Seth Jarvis.
9:49 of 3rd period - Sebastian Aho wins face-off versus Seth Jarvis in Stars zone.
10:12 of 3rd period - Shot by Jordan Eberle.
10:12 of 3rd period - Stopped by Thatcher Demko without a rebound.
10:13 of 3rd period - Elias Lindholm wins face-off versus Sam Gagner in Stars zone.
10:15 of 3rd period - Icing by Evan Bouchard.
10:16 of 3rd period - Steven Stamkos wins face-off versus Elias Lindholm in Stars zone.
10:33 of 3rd period - Shot by Josh Morrissey.
10:33 of 3rd period - Stopped by Thatcher Demko with a rebound.
10:35 of 3rd period - Shot by Josh Morrissey.
10:35 of 3rd period - Stopped by Thatcher Demko with a rebound.
10:37 of 3rd period - Shot by Alex Ovechkin.
10:37 of 3rd period - Shot Misses the Net.
10:58 of 3rd period - Off-side.
10:59 of 3rd period - Anton Lundell wins face-off versus Sebastian Aho in neutral zone.
11:51 of 3rd period - Icing by Esa Lindell.
11:52 of 3rd period - Elias Lindholm wins face-off versus Alex DeBrincat in Flames zone.
11:57 of 3rd period - Shot by Elias Lindholm.
11:57 of 3rd period - Shot Misses the Net.
11:59 of 3rd period - Shot by Nazem Kadri.
11:59 of 3rd period - Stopped by Antti Raanta without a rebound.
12:00 of 3rd period - Elias Lindholm wins face-off versus Jordan Eberle in Flames zone.
12:00 of 3rd period - Gustav Forsling is hit by Josh Morrissey and loses puck.
12:15 of 3rd period - Shot by Elias Lindholm.
12:15 of 3rd period - Shot Misses the Net.
12:32 of 3rd period - Elias Lindholm is hit by Josh Morrissey.
12:41 of 3rd period - Shot by Elias Lindholm.
12:41 of 3rd period - Deflect By Nazem Kadri.
12:41 of 3rd period - Stopped by Antti Raanta without a rebound.
12:42 of 3rd period - John Tavares wins face-off versus Anton Lundell in Flames zone.
12:55 of 3rd period - Shot by Rickard Rakell.
12:55 of 3rd period - Stopped by Antti Raanta with a rebound.
12:57 of 3rd period - Shot by Anton Lundell.
12:57 of 3rd period - Stopped by Antti Raanta without a rebound.
12:58 of 3rd period - Sebastian Aho wins face-off versus Seth Jarvis in Flames zone.
13:50 of 3rd period - Icing by Marcus Pettersson.
13:51 of 3rd period - Sam Gagner wins face-off versus Seth Jarvis in Stars zone.
13:54 of 3rd period - Shot by Jordan Eberle.
13:54 of 3rd period - Shot Misses the Net.
14:14 of 3rd period - Sam Gagner is hit by Nick Jensen and loses puck.
15:16 of 3rd period - Shot by Elias Lindholm.
15:16 of 3rd period - Shot Blocked by Ryan Lindgren.
15:18 of 3rd period - Shot by Gustav Forsling.
15:18 of 3rd period - Shot Blocked by Ryan Lindgren.
15:24 of 3rd period - Shot by Carter Verhaeghe.
15:24 of 3rd period - Stopped by Antti Raanta without a rebound.
15:25 of 3rd period - Sebastian Aho wins face-off versus Anton Lundell in Flames zone.
15:43 of 3rd period - Shot by Esa Lindell.
15:43 of 3rd period - Stopped by Thatcher Demko without a rebound.
15:44 of 3rd period - John Tavares wins face-off versus Nazem Kadri in Stars zone.
15:47 of 3rd period - Shot by Alex Ovechkin.
15:47 of 3rd period - Shot Misses the Net.
15:49 of 3rd period - Shot by Alex Ovechkin.
15:49 of 3rd period - Stopped by Thatcher Demko without a rebound.
15:50 of 3rd period - Anton Lundell wins face-off versus Alex Ovechkin in Stars zone.
15:50 of 3rd period - Anton Lundell is hit by Alex Ovechkin.
15:58 of 3rd period - Shot by Anton Lundell.
15:58 of 3rd period - Stopped by Antti Raanta without a rebound.
15:59 of 3rd period - Nazem Kadri wins face-off versus Sebastian Aho in Flames zone.
16:39 of 3rd period - Icing by Gustav Forsling.
16:40 of 3rd period - Nazem Kadri wins face-off versus John Tavares in Stars zone.
16:44 of 3rd period - Gustav Forsling is hit by Erik Gudbranson and loses puck.
18:03 of 3rd period - Viktor Arvidsson is hit by Jared Spurgeon and loses puck.
18:17 of 3rd period - Icing by Anton Lundell.
18:18 of 3rd period - Sebastian Aho wins face-off versus Anton Lundell in Stars zone.
18:49 of 3rd period - Shot by Sebastian Aho.
18:49 of 3rd period - Stopped by Thatcher Demko without a rebound.
18:50 of 3rd period - Sam Gagner wins face-off versus Seth Jarvis in Stars zone.
19:25 of 3rd period - Lawson Crouse is hit by Seth Jarvis and loses puck.
19:54 of 3rd period - Minor Penalty to Alex DeBrincat for Hooking.
19:55 of 3rd period - Nazem Kadri wins face-off versus Sean Kuraly in Flames zone.
19:58 of 3rd period - Shot by Evan Bouchard.
19:58 of 3rd period - Shot Blocked by Ryan Lindgren.
Goals for this period are 1 for Flames vs 0 for Stars.
Shots for this period are 10 for Flames vs 11 for Stars.

Overtime #1


0:01 of 1st overtime period - Sean Kuraly wins face-off versus Nazem Kadri in neutral zone.
0:21 of 1st overtime period - Icing by Evan Bouchard.
0:22 of 1st overtime period - Sam Gagner wins face-off versus Nazem Kadri in Stars zone.
2:13 of 1st overtime period - Shot by Timo Meier.
2:13 of 1st overtime period - Shot Misses the Net.
2:25 of 1st overtime period - Shot by Timo Meier.
2:25 of 1st overtime period - Deflect By Elias Lindholm.
2:25 of 1st overtime period - Stopped by Antti Raanta without a rebound.
2:26 of 1st overtime period - Steven Stamkos wins face-off versus Nazem Kadri in Flames zone.
2:54 of 1st overtime period - Shot by Timo Meier.
2:54 of 1st overtime period - Goal by Timo Meier - Flames : 3 - Stars : 4.
Goals for this period are 0 for Flames vs 1 for Stars.
Shots for this period are 0 for Flames vs 2 for Stars.